[Event "NED-ch U20 Girls 2019"]
[Site "Assen"]
[Date "2019.04.28"]
[Round "1.1"]
[White "Basa, Manasvita"]
[Black "Warnaar, Alisha"]
[Result "0-1"]
[ECO "B45"]
[WhiteElo "1532"]
[BlackElo "1910"]
[Annotator "NA"]
[PlyCount "66"]
[EventDate "2019.04.28"]
[EventType "swiss"]
[EventCountry "NED"]
[SourceTitle "playchess.com"]
[Source "ChessBase"]
[SourceQuality "1"]
[TimeControl "40/5400+30:1800+30"]

1. e4 c5 2. a3 e6 3. Nf3 Nc6 4. d4 cxd4 5. Nxd4 Nf6 6. Nc3 Bc5 7. Be3 Qb6 8. Na4 Qa5+ 9. c3 Bxd4 10. Bxd4 e5 11. Be3 Nxe4 12. b4 Qc7 13. Qg4 d5 14. Qxg7 Rf8 15. f3 Nd6 16. g4 Qe7 17. b5 f6 18. Qxe7+ Nxe7 19. b6 Bd7 20. Nc5 axb6 21. Nxd7 Kxd7 22. Bxb6 Rfc8 23. Kd2 Rc6 24. Bf2 Rac8 25. Rc1 d4 26. Bd3 Rxc3 27. a4 Nc4+ 28. Ke2 Nb2 29. Rxc3 Rxc3 30. Bxh7 d3+ 31. Ke3 Nc4+ 32. Ke4 d2 33. Bc5 Rc1 {[%emt 0:25:25] Kd4 [%emt 00:00:03]} 0-1

[Event "NED-ch U20 Girls 2019"]
[Site "Assen"]
[Date "2019.04.28"]
[Round "1.2"]
[White "Koning, Femke"]
[Black "Duson, Robin"]
[Result "0-1"]
[ECO "B22"]
[WhiteElo "1566"]
[BlackElo "1981"]
[Annotator "NA"]
[PlyCount "71"]
[EventDate "2019.04.28"]
[EventType "swiss"]
[EventCountry "NED"]
[SourceTitle "playchess.com"]
[Source "ChessBase"]
[SourceQuality "1"]
[TimeControl "40/5400+30:1800+30"]

1. e4 c5 2. Nf3 e6 3. c3 d5 4. exd5 Qxd5 5. d4 Nf6 6. Be3 cxd4 7. Qxd4 {[%emt 0:03:43] B22: Sicilian: 2 c3} Nc6 8. Qxd5 Nxd5 9. Bd4 Nxd4 10. Nxd4 a6 11. Nd2 Bd7 $146 ({Predecessor:} 11... Bc5 12. N2f3 Ke7 13. g3 Rd8 14. O-O-O Bd7 {0-1 (49) Denisik,S (1947)-Landa,K (2625) Minsk 2015}) 12. N2f3 Bd6 13. Bc4 Nf4 14. O-O Rc8 15. Bb3 O-O 16. Rad1 Rfd8 17. Rfe1 Bb8 18. Bc2 Be8 19. Be4 Nd5 $16 (19... Bc7 $11 {keeps the balance.}) 20. Rc1 b5 21. Rcd1 g6 22. Nc2 Bc6 23. Nfd4 Bb7 24. Nb4 a5 25. Nxd5 Bxd5 26. Bxd5 Rxd5 27. Nb3 Rxd1 28. Rxd1 a4 29. Nd4 Rd8 30. Re1 Rd5 31. Nc6 Bd6 32. g3 Rd2 33. Kf1 Rxb2 34. Rd1 Bc5 35. Nd4 Rxa2 36. Ne2 0-1

[Event "NED-ch U20 Girls 2019"]
[Site "Assen"]
[Date "2019.04.28"]
[Round "1.3"]
[White "Van de Poel, Wyona"]
[Black "Monteny, Pascalle"]
[Result "1/2-1/2"]
[ECO "C45"]
[WhiteElo "1584"]
[BlackElo "1433"]
[Annotator "NA"]
[PlyCount "66"]
[EventDate "2019.04.28"]
[EventType "swiss"]
[EventCountry "NED"]
[SourceTitle "playchess.com"]
[Source "ChessBase"]
[SourceQuality "1"]
[TimeControl "40/5400+30:1800+30"]

1. e4 e5 2. Nf3 Nc6 3. d4 exd4 4. Nxd4 Bc5 5. Be3 Qf6 6. c3 Nge7 7. Bc4 Ne5 8. Be2 Bb6 9. O-O Qg6 10. Nd2 O-O 11. Bh5 Qd6 12. f4 Bxd4 13. Bxd4 N5c6 14. Be3 Ng6 15. Nb3 Qxd1 16. Raxd1 d6 17. f5 Nge5 18. Nd4 a6 19. f6 g6 20. Be2 Re8 21. Nxc6 Nxc6 22. Bd3 Ne5 23. Bc2 Bd7 24. h3 Bc6 25. b3 Nd7 26. Rf4 Ne5 27. Bd4 Rad8 28. Rff1 Re6 29. Rde1 Rde8 30. b4 Rd8 31. Bb3 Ree8 32. Re3 Bb5 33. Rd1 Bc6 1/2-1/2

[Event "NED-ch U20 Girls 2019"]
[Site "Assen"]
[Date "2019.04.28"]
[Round "1.4"]
[White "Waardenburg, Marlinde"]
[Black "Waardenburg, Feline"]
[Result "1/2-1/2"]
[ECO "C29"]
[WhiteElo "1706"]
[BlackElo "1742"]
[Annotator "NA"]
[PlyCount "44"]
[EventDate "2019.04.28"]
[EventType "swiss"]
[EventCountry "NED"]
[SourceTitle "playchess.com"]
[Source "ChessBase"]
[SourceQuality "1"]
[TimeControl "40/5400+30:1800+30"]

1. e4 e5 2. Nc3 Nf6 3. f4 d5 4. fxe5 Nxe4 5. Qf3 Nxc3 6. bxc3 Be7 7. d4 O-O 8. Bd3 f6 9. Qh5 g6 10. Bxg6 hxg6 11. Qxg6+ Kh8 12. Nf3 Qe8 13. Qh6+ Kg8 14. O-O fxe5 15. Bg5 Nc6 16. Nh4 Rxf1+ 17. Rxf1 Bf8 18. Rxf8+ Qxf8 19. Qg6+ Qg7 20. Qe8+ Kh7 21. Qh5+ Kg8 22. Qe8+ Qf8 1/2-1/2

[Event "NED-ch U20 Girls 2019"]
[Site "Assen"]
[Date "2019.04.29"]
[Round "2.1"]
[White "Warnaar, Alisha"]
[Black "Waardenburg, Feline"]
[Result "0-1"]
[ECO "B19"]
[WhiteElo "1910"]
[BlackElo "1742"]
[Annotator "NA RC"]
[PlyCount "86"]
[EventDate "2019.04.28"]
[EventType "swiss"]
[EventCountry "NED"]
[SourceTitle "playchess.com"]
[Source "ChessBase"]
[SourceQuality "1"]
[TimeControl "40/5400+30:1800+30"]

1. e4 c6 2. d4 d5 3. Nc3 dxe4 4. Nxe4 Bf5 5. Ng3 Bg6 6. h4 h6 7. Nf3 Nd7 8. h5 Bh7 9. Bd3 Bxd3 10. Qxd3 e6 11. Bf4 Qa5+ 12. Bd2 Qc7 13. O-O-O O-O-O 14. Ne4 Ngf6 15. g3 Nxe4 16. Qxe4 Nf6 17. Qe2 Bd6 18. c4 c5 19. Bc3 Rhe8 20. Kb1 Kb8 21. dxc5 Qxc5 22. Nd4 a6 23. Rd2 Ka8 24. Nb3 Qf5+ 25. Rc2 Bc7 26. Nd4 Qe4 27. Nf3 (27. Rh4 $14 Qh7 28. Nb3) 27... Rd3 28. Qxe4 Nxe4 29. Be5 (29. Re1 $17 {might work better.} Nxg3 30. fxg3 Rxf3 31. Bxg7) 29... Bb6 30. Ne1 Rd1+ 31. Rc1 Rxc1+ 32. Kxc1 Nxf2 33. Rf1 {[%emt 0:01:21] [#]} (33. Rh4 $17) 33... f6 $1 34. Bc3 Rd8 $17 (34... Rc8 $19 35. b3 Ne4) 35. Nf3 e5 36. Kc2 Ne4 37. Be1 Nd6 38. b3 Nf5 39. Kc3 Rd1 40. b4 Ne3 41. Rh1 Bd4+ 42. Kb3 Rd3+ 43. Ka4 Nxc4 0-1

[Event "NED-ch U20 Girls 2019"]
[Site "Assen"]
[Date "2019.04.29"]
[Round "2.2"]
[White "Monteny, Pascalle"]
[Black "Waardenburg, Marlinde"]
[Result "0-1"]
[ECO "B03"]
[WhiteElo "1433"]
[BlackElo "1706"]
[Annotator "NA RC"]
[PlyCount "138"]
[EventDate "2019.04.28"]
[EventType "swiss"]
[EventCountry "NED"]
[SourceTitle "playchess.com"]
[Source "ChessBase"]
[SourceQuality "1"]
[TimeControl "40/5400+30:1800+30"]

1. e4 Nf6 2. e5 Nd5 3. d4 d6 4. c4 Nb6 5. exd6 cxd6 6. Nc3 g6 7. Be3 Bg7 8. Rc1 O-O 9. Bd3 d5 10. c5 Nc4 11. b3 Nxe3 12. fxe3 e5 13. dxe5 Nc6 14. Nf3 Nxe5 15. Nxe5 Bxe5 16. O-O d4 17. exd4 Qxd4+ 18. Kh1 Qh4 19. g3 Bxg3 20. Qe2 Bd7 21. Be4 Rae8 22. Qg2 Bf4 23. Rcd1 Bc6 24. Bxc6 bxc6 25. Qf2 Qxf2 26. Rxf2 Be3 27. Rf3 Bxc5 28. Na4 Bb6 29. Rc1 Re6 30. Rfc3 c5 31. Nxc5 Bxc5 32. Rxc5 Rfe8 33. a4 Kg7 34. a5 Rb8 35. Rb1 Rb7 36. b4 Ra6 37. Kg2 h5 38. Kf3 Rd6 39. Kf2 Rd2+ 40. Kg1 Ra2 41. Rb3 Rd7 42. Rb1 Rb7 43. Rb3 Ra4 44. Kf2 Kf8 45. Kg3 Ke8 46. Re3+ Kd8 47. Rd3+ Ke7 48. Re3+ Kf8 49. Rb3 Raxb4 50. Rxb4 Rxb4 51. Rc8+ Kg7 52. Rc7 Ra4 53. Rxa7 g5 54. a6 Kf6 55. Kf3 Ke6 56. Ra8 Kd6 57. a7 Kc6 58. Rc8+ Kb7 59. a8=Q+ Rxa8 60. Rxa8 Kxa8 61. Ke4 h4 62. Kf5 f6 63. Kg4 Kb7 64. Kf5 Kc6 65. Ke4 Kd6 66. h3 Ke6 67. Kf3 Kf5 68. Kf2 Kf4 69. Kg2 f5 0-1

[Event "NED-ch U20 Girls 2019"]
[Site "Assen"]
[Date "2019.04.29"]
[Round "2.3"]
[White "Duson, Robin"]
[Black "Van de Poel, Wyona"]
[Result "1-0"]
[ECO "D36"]
[WhiteElo "1981"]
[BlackElo "1584"]
[Annotator "NA RC"]
[PlyCount "51"]
[EventDate "2019.04.28"]
[EventType "swiss"]
[EventCountry "NED"]
[SourceTitle "playchess.com"]
[Source "ChessBase"]
[SourceQuality "1"]
[TimeControl "40/5400+30:1800+30"]

1. d4 d5 2. c4 e6 3. Nc3 Nf6 4. cxd5 exd5 5. Bg5 Be7 6. e3 c6 7. Bd3 Nbd7 8. Qc2 Nf8 9. Nf3 Ne6 10. Bh4 g6 11. O-O O-O 12. Rab1 Ng7 13. b4 a6 14. a4 Bf5 15. Bxf5 Nxf5 16. Bxf6 Bxf6 17. b5 axb5 18. axb5 {[%emt 0:00:33] [#]} Kg7 $146 {[%emt 0:09:32] D36: Queen's Gambit Declined: Exchange Variation: Main line (5 Bg5 c6 6 Qc2)} ({Predecessor:} 18... Qa5 19. bxc6 bxc6 20. Rfc1 Rfc8 21. h3 Be7 22. Qd3 Qd8 23. Rb3 Ba3 24. Rcb1 Bf8 25. Ne2 Ra2 26. Nc1 {½-½ (48) Riazantsev,A (2689)-Artemiev,V (2621) Yerevan 2014}) 19. Na4 Be7 $2 (19... Qc7 $11 {and Black is okay.}) 20. bxc6 bxc6 {[%emt 0:17:52] [#]} 21. Qxc6 ({White should play} 21. Nb6 $1 $18) 21... Rc8 22. Qb5 Qd6 23. Nc5 Rfd8 24. Nb7 Rb8 25. Nxd6 Rxb5 26. Nxb5 $18 1-0

[Event "NED-ch U20 Girls 2019"]
[Site "Assen"]
[Date "2019.04.29"]
[Round "2.4"]
[White "Basa, Manasvita"]
[Black "Koning, Femke"]
[Result "1/2-1/2"]
[ECO "C29"]
[WhiteElo "1532"]
[BlackElo "1566"]
[Annotator "NA RC"]
[PlyCount "72"]
[EventDate "2019.04.28"]
[EventType "swiss"]
[EventCountry "NED"]
[SourceTitle "playchess.com"]
[Source "ChessBase"]
[SourceQuality "1"]
[TimeControl "40/5400+30:1800+30"]

1. e4 e5 2. Nc3 Nf6 3. f4 Nc6 4. fxe5 Nxe5 5. d4 Nc6 6. Nf3 Bb4 7. Bd3 d6 8. O-O Bg4 9. Be3 Qe7 10. Re1 O-O 11. a3 Ba5 12. b4 Bb6 13. Nd5 Nxd5 14. exd5 Bxf3 15. Qxf3 Nxd4 16. Qh3 g6 17. c3 Qf6 18. cxd4 Bxd4 19. Bxd4 Qxd4+ 20. Kh1 Qxd5 21. Be4 Qb5 22. Qf3 c6 23. h4 Rfe8 24. Rf1 f5 25. Qb3+ Kg7 26. Bf3 Re7 27. Rae1 Rae8 28. Qc3+ Kf7 29. h5 Rxe1 30. Rxe1 Rxe1+ 31. Qxe1 Qe5 32. hxg6+ hxg6 33. Qh4 d5 34. Qh7+ Qg7 35. Qh2 Qa1+ 36. Qg1 Qh8+ 1/2-1/2

[Event "NED-ch U20 Girls 2019"]
[Site "Assen"]
[Date "2019.04.30"]
[Round "3.1"]
[White "Waardenburg, Marlinde"]
[Black "Duson, Robin"]
[Result "0-1"]
[ECO "B23"]
[WhiteElo "1706"]
[BlackElo "1981"]
[Annotator "NA"]
[PlyCount "84"]
[EventDate "2019.04.28"]
[EventType "swiss"]
[EventCountry "NED"]
[SourceTitle "playchess.com"]
[Source "ChessBase"]
[SourceQuality "1"]
[TimeControl "40/5400+30:1800+30"]

1. e4 c5 2. Nc3 Nc6 3. f4 g6 4. Nf3 Bg7 5. Bc4 e6 6. d3 Nge7 7. O-O O-O 8. Bb3 Na5 9. Qe1 d6 10. f5 Nxb3 11. axb3 gxf5 {[%emt 0:03:06] B23: Closed Sicilian: Lines without g3} 12. Qg3 $146 ({Predecessor:} 12. Qh4 Ng6 13. Qh5 f4 14. g3 fxg3 15. hxg3 f6 16. Kg2 Rf7 17. Bd2 Bd7 18. Rh1 Nf8 19. Raf1 {½-½ (40) Dumitru,M (1941)-Szocs,T (1920) Baile Felix 2017}) 12... fxe4 (12... Kh8 $15) 13. dxe4 Ng6 14. Qh3 (14. Rd1 $14) 14... f6 15. Be3 Qe7 ({Better is} 15... b6 $1 $15) 16. Nh4 (16. Qg3 $11 {keeps the balance.}) 16... Nxh4 (16... Ne5 $15) 17. Qxh4 Bd7 18. Rf3 Be8 19. Qg3 Bg6 20. h4 a6 21. Re1 Kh8 $17 22. Qh3 Qe8 23. Rf2 Rg8 24. Ref1 f5 25. exf5 Bxf5 26. Qf3 Qc6 27. Qh5 Be5 28. Bg5 Bd4 29. Kh1 Raf8 30. Rf3 Bg6 31. Qg4 Bf5 32. Qh5 Qe8 33. Qxe8 Rxe8 34. Ne2 Be5 35. c3 Be4 36. R3f2 d5 37. Nf4 Bxf4 38. Rxf4 h6 39. Bf6+ Kh7 40. R1f2 e5 41. Bxe5 Rxe5 42. Rf7+ Rg7 0-1

[Event "NED-ch U20 Girls 2019"]
[Site "Assen"]
[Date "2019.04.30"]
[Round "3.2"]
[White "Waardenburg, Feline"]
[Black "Monteny, Pascalle"]
[Result "1/2-1/2"]
[ECO "D45"]
[WhiteElo "1742"]
[BlackElo "1433"]
[Annotator "NA"]
[PlyCount "102"]
[EventDate "2019.04.28"]
[EventType "swiss"]
[EventCountry "NED"]
[SourceTitle "playchess.com"]
[Source "ChessBase"]
[SourceQuality "1"]
[TimeControl "40/5400+30:1800+30"]

1. d4 d5 2. c4 e6 3. Nf3 Nf6 4. Nc3 c6 5. e3 Nbd7 6. Qc2 Be7 7. Be2 O-O 8. O-O b6 9. Rd1 Bb7 10. e4 dxc4 11. Bxc4 b5 12. Be2 Rc8 13. Bf4 Qb6 14. a3 a5 15. Qb3 Rfd8 16. h3 Ba8 17. Rac1 a4 18. Qa2 Qb7 19. e5 Nd5 20. Bd2 N7b6 21. Ne4 Nd7 22. Ba5 Rf8 23. Rc2 Qa6 24. Bd2 Qb6 25. Rdc1 Bb7 26. Qb1 h6 27. b4 axb3 28. Qxb3 Ra8 29. Ra1 Ra4 30. Nc3 Nxc3 31. Qxc3 Rfa8 32. Rca2 Qa7 33. Bc1 Nb6 34. Bd1 Ra6 35. Nd2 Nd5 36. Qg3 Qxd4 37. Bh5 Qf4 38. Qb3 Qxe5 39. Bf3 Qd6 40. Ne4 Qc7 41. Bb2 Ra4 42. Rc1 Qf4 43. Nc3 Nxc3 44. Rxc3 Bf6 45. Bc1 Qd4 46. Rd3 Qc4 47. Qb1 Rd8 48. Rxd8+ Bxd8 49. Rd2 Bf6 50. Bb2 Qf4 51. Rd7 Ba8 1/2-1/2

[Event "NED-ch U20 Girls 2019"]
[Site "Assen"]
[Date "2019.04.30"]
[Round "3.3"]
[White "Koning, Femke"]
[Black "Warnaar, Alisha"]
[Result "1/2-1/2"]
[ECO "B52"]
[WhiteElo "1566"]
[BlackElo "1910"]
[Annotator "NA"]
[PlyCount "76"]
[EventDate "2019.04.28"]
[EventType "swiss"]
[EventCountry "NED"]
[SourceTitle "playchess.com"]
[Source "ChessBase"]
[SourceQuality "1"]
[TimeControl "40/5400+30:1800+30"]

1. e4 c5 2. Nf3 d6 3. Bb5+ Bd7 4. Bxd7+ Qxd7 5. O-O Nc6 6. c3 Nf6 7. Re1 g6 8. d4 cxd4 9. cxd4 Rc8 10. Nc3 Bg7 11. Be3 {[%emt 0:11:17] B52: Sicilian: Moscow Variation with 3...Bd7} (11. h3 O-O 12. Bf4 Rfd8 13. e5 dxe5 14. dxe5 Nd5 15. Bd2 Nxc3 16. Bxc3 Qc7 17. Qb3 e6 18. Rad1 Rd7 19. Rxd7 Qxd7 {½-½ (26) Verat Fayolle,C (1882)-Claisse,P (1733) Montigny le Bretonneux 2018}) 11... O-O 12. Rc1 b6 $146 ({Predecessor:} 12... Na5 13. b3 b5 14. e5 Ng4 15. Bf4 b4 16. Na4 dxe5 17. dxe5 Qf5 18. Qd2 Nc6 19. h3 Ngxe5 20. Bxe5 Nxe5 21. Nxe5 Bxe5 22. Qxb4 {1-0 (44) Ilkbahar,N (1501)-Aslan,L (1643) Konya 2016}) 13. a3 Na5 14. Nd2 Ng4 15. Qf3 Nxe3 16. Qxe3 Rfd8 17. b4 Nc4 18. Nxc4 Rxc4 19. Ne2 Rdc8 20. Rxc4 Rxc4 21. Rc1 Qc7 22. Rxc4 Qxc4 23. Kf1 Qc2 24. f3 Qb2 (24... a5 $17) 25. Qd3 Bh6 26. Qc3 $15 Qxc3 27. Nxc3 f5 28. Ke2 fxe4 29. fxe4 Kf7 30. a4 Ke6 31. Nb5 a5 32. bxa5 bxa5 33. Na7 d5 34. Kd3 Bf4 35. Nc6 dxe4+ 36. Kxe4 Bc7 37. h3 Bb6 38. Ne5 Bc7 1/2-1/2

[Event "NED-ch U20 Girls 2019"]
[Site "Assen"]
[Date "2019.04.30"]
[Round "3.4"]
[White "Van de Poel, Wyona"]
[Black "Basa, Manasvita"]
[Result "1-0"]
[ECO "C47"]
[WhiteElo "1584"]
[BlackElo "1532"]
[Annotator "NA"]
[PlyCount "101"]
[EventDate "2019.04.28"]
[EventType "swiss"]
[EventCountry "NED"]
[SourceTitle "playchess.com"]
[Source "ChessBase"]
[SourceQuality "1"]
[TimeControl "40/5400+30:1800+30"]

1. e4 e5 2. Nf3 Nc6 3. Nc3 Nf6 4. d4 exd4 5. Nxd4 Bb4 6. Nxc6 bxc6 7. Bd3 O-O 8. O-O Bxc3 9. bxc3 d5 10. e5 Ne4 11. Qf3 f5 12. c4 Qe7 13. Bxe4 fxe4 14. Qc3 Rf5 15. Bb2 Ba6 16. f4 Bxc4 17. Rf2 Raf8 18. Ba3 c5 19. Qe3 Qe6 20. Bxc5 R8f7 21. g4 Qg6 22. Qg3 Qc6 23. Bxa7 Qb7 24. Bd4 c5 25. Bxc5 Rc7 26. gxf5 Rxc5 27. f6 d4 28. Qxg7+ Qxg7+ 29. fxg7 Kxg7 30. Rd1 Rd5 31. e6 Kf6 32. f5 d3 33. cxd3 Bxd3 34. Rf4 e3 35. Re1 e2 36. Kf2 Ra5 37. a4 Re5 38. Rf3 Ba6 39. Re3 Rxf5+ 40. Rf3 Rxf3+ 41. Kxf3 Kxe6 42. Rxe2+ Bxe2+ 43. Kxe2 Kd5 44. Kf3 Kc4 45. Kg4 Kb4 46. h4 Kxa4 47. Kg5 Kb5 48. Kh6 Kc6 49. Kxh7 Kd7 50. Kg7 Ke7 51. h5 1-0

[Event "NED-ch U20 Girls 2019"]
[Site "Assen"]
[Date "2019.05.01"]
[Round "4.1"]
[White "Duson, Robin"]
[Black "Waardenburg, Feline"]
[Result "1/2-1/2"]
[ECO "E57"]
[WhiteElo "1981"]
[BlackElo "1742"]
[Annotator "NA"]
[PlyCount "68"]
[EventDate "2019.04.28"]
[EventType "swiss"]
[EventCountry "NED"]
[SourceTitle "playchess.com"]
[Source "ChessBase"]
[SourceQuality "1"]
[TimeControl "40/5400+30:1800+30"]

1. d4 Nf6 2. c4 e6 3. Nc3 Bb4 4. e3 O-O 5. Bd3 c5 6. Nf3 d5 7. O-O Nc6 8. a3 cxd4 9. exd4 dxc4 10. Bxc4 Bd6 11. Bg5 h6 12. Bh4 Be7 13. Qd3 a6 14. Ba2 b5 15. Rad1 Bb7 16. Bb1 g6 17. Ne5 Nxe5 18. dxe5 Nd5 19. Bxe7 Qxe7 20. Ne4 Rad8 21. Qg3 Kg7 22. f4 a5 23. Nd6 Ba6 24. f5 Qa7+ 25. Rf2 Ne3 26. Re1 Nxf5 27. Bxf5 exf5 28. Nxf5+ Kh7 29. Qe3 Qxe3 30. Nxe3 b4 31. axb4 axb4 32. Rf6 Bc8 33. Rb6 Rd4 34. Nc2 Rd2 1/2-1/2

[Event "NED-ch U20 Girls 2019"]
[Site "Assen"]
[Date "2019.05.01"]
[Round "4.2"]
[White "Warnaar, Alisha"]
[Black "Monteny, Pascalle"]
[Result "0-1"]
[ECO "C45"]
[WhiteElo "1910"]
[BlackElo "1433"]
[Annotator "NA"]
[PlyCount "40"]
[EventDate "2019.04.28"]
[EventType "swiss"]
[EventCountry "NED"]
[SourceTitle "playchess.com"]
[Source "ChessBase"]
[SourceQuality "1"]
[TimeControl "40/5400+30:1800+30"]

1. e4 e5 2. Nf3 Nc6 3. d4 exd4 4. Nxd4 Bc5 5. Be3 Qf6 6. c3 Nge7 7. Bc4 Ne5 8. Be2 Qg6 9. O-O d6 10. Nd2 O-O 11. f3 d5 12. Kh1 Bb6 13. Bf4 f6 14. Bg3 Qe8 15. f4 N5c6 16. Nxc6 Qxc6 17. exd5 Nxd5 18. Qb3 Be6 19. Bb5 Ne3 20. c4 Qxg2# 0-1

[Event "NED-ch U20 Girls 2019"]
[Site "Assen"]
[Date "2019.05.01"]
[Round "4.3"]
[White "Koning, Femke"]
[Black "Van de Poel, Wyona"]
[Result "1/2-1/2"]
[ECO "B52"]
[WhiteElo "1566"]
[BlackElo "1584"]
[Annotator "NA"]
[PlyCount "56"]
[EventDate "2019.04.28"]
[EventType "swiss"]
[EventCountry "NED"]
[SourceTitle "playchess.com"]
[Source "ChessBase"]
[SourceQuality "1"]
[TimeControl "40/5400+30:1800+30"]

1. e4 c5 2. Nf3 d6 3. Bb5+ Bd7 4. Bxd7+ Qxd7 5. O-O Nc6 6. c3 Nf6 7. Re1 e6 8. d4 cxd4 9. cxd4 d5 10. exd5 Nxd5 11. Nbd2 Be7 12. Nc4 O-O 13. b3 Rfd8 14. Bb2 Rac8 15. Rc1 Nc7 16. Nfe5 Qe8 17. Nxc6 Qxc6 18. Ne5 Qd5 19. Qg4 Nb5 20. Rc4 Ba3 21. Ba1 Bf8 22. Rec1 Nd6 23. Rc5 Rxc5 24. Rxc5 Rc8 25. Rxc8 Nxc8 26. Qf3 Qxf3 27. Nxf3 f6 28. Kf1 Bd6 1/2-1/2

[Event "NED-ch U20 Girls 2019"]
[Site "Assen"]
[Date "2019.05.01"]
[Round "4.4"]
[White "Basa, Manasvita"]
[Black "Waardenburg, Marlinde"]
[Result "1-0"]
[ECO "B03"]
[WhiteElo "1532"]
[BlackElo "1706"]
[Annotator "NA"]
[PlyCount "77"]
[EventDate "2019.04.28"]
[EventType "swiss"]
[EventCountry "NED"]
[SourceTitle "playchess.com"]
[Source "ChessBase"]
[SourceQuality "1"]
[TimeControl "40/5400+30:1800+30"]

1. e4 Nf6 2. e5 Nd5 3. d4 d6 4. c4 Nb6 5. exd6 cxd6 6. Nc3 g6 7. Be3 Bg7 8. Nf3 Bg4 9. Be2 Nc6 10. b3 O-O 11. Rc1 e5 12. dxe5 dxe5 13. O-O Nc8 14. h3 Bf5 15. g4 Be6 16. Ng5 Nd4 17. Bf3 Rb8 18. Bg2 Bd7 19. f4 Bc6 20. Nge4 exf4 21. Bxf4 Ra8 22. Qd2 f5 23. gxf5 Nxf5 24. Nd5 Nce7 25. Bg5 Bxd5 26. cxd5 Qb6+ 27. Kh1 Kh8 28. Bf4 Rac8 29. d6 Nc6 30. Nc5 Qb5 31. d7 Ra8 32. Ne6 Rg8 33. Nc7 Qb6 34. Nxa8 Rxa8 35. Rfe1 Nfe7 36. Bg5 Bf8 37. Bf6+ Kg8 38. Bd5+ Nxd5 39. Qxd5# 1-0

[Event "NED-ch U20 Girls 2019"]
[Site "Assen"]
[Date "2019.05.02"]
[Round "5.1"]
[White "Monteny, Pascalle"]
[Black "Duson, Robin"]
[Result "0-1"]
[ECO "B47"]
[WhiteElo "1433"]
[BlackElo "1981"]
[Annotator "NA"]
[PlyCount "122"]
[EventDate "2019.04.28"]
[EventType "swiss"]
[EventCountry "NED"]
[SourceTitle "playchess.com"]
[Source "ChessBase"]
[SourceQuality "1"]
[TimeControl "40/5400+30:1800+30"]

1. e4 c5 2. Nf3 e6 3. d4 cxd4 4. Nxd4 Nc6 5. Nc3 Qc7 6. g3 a6 7. Bg2 Nf6 8. O-O Nxd4 9. Qxd4 Bc5 10. Bf4 d6 11. Qd2 h6 12. Rad1 e5 13. Be3 Be6 14. Bxc5 dxc5 15. Nd5 $14 Bxd5 16. exd5 Qd6 17. Rfe1 O-O 18. Qe3 Rfe8 19. c4 b5 20. b3 Rab8 21. Rb1 Nd7 22. Bh3 Nb6 23. Bf1 e4 24. a3 a5 25. Rec1 Rbc8 26. Re1 a4 27. bxa4 bxc4 28. Red1 Re5 29. Qc3 Nxd5 30. Qxc4 Qe6 31. Bg2 Ne7 32. Qxe6 Rxe6 33. a5 c4 34. Rdc1 f5 35. Bf1 Rec6 36. Rb6 c3 37. Rxc6 Rxc6 38. a6 Nc8 39. Bb5 Rc7 40. Kf1 Kf7 41. Ke2 Ke6 42. Kd1 Na7 43. a4 Kd5 44. Kc2 Kc5 45. Rb1 Nxb5 46. axb5 Kb6 47. Rb3 Rc5 48. h4 g5 49. hxg5 hxg5 50. Rxc3 Rxb5 51. Rb3 Kxa6 52. Ra3+ Kb6 53. Rb3 Rxb3 54. Kxb3 Kc5 55. Kc3 Kd5 56. Kd2 Kd4 57. Ke2 f4 58. gxf4 gxf4 59. Kd2 f3 60. Ke1 e3 61. Kf1 e2+ 0-1

[Event "NED-ch U20 Girls 2019"]
[Site "Assen"]
[Date "2019.05.02"]
[Round "5.2"]
[White "Waardenburg, Feline"]
[Black "Basa, Manasvita"]
[Result "1-0"]
[ECO "D35"]
[WhiteElo "1742"]
[BlackElo "1532"]
[Annotator "NA"]
[PlyCount "61"]
[EventDate "2019.04.28"]
[EventType "swiss"]
[EventCountry "NED"]
[SourceTitle "playchess.com"]
[Source "ChessBase"]
[SourceQuality "1"]
[TimeControl "40/5400+30:1800+30"]

1. d4 d5 2. c4 e6 3. Nc3 Be7 4. Qc2 Nf6 5. Bg5 O-O 6. e3 b6 7. cxd5 exd5 8. Bd3 h6 9. Bh4 Bb7 10. Nge2 Nbd7 11. O-O c5 12. Bg3 a6 13. a4 Rc8 14. Bf5 cxd4 15. Nxd4 Ne4 16. Bf4 Bb4 17. Nde2 Re8 18. Rfd1 Qe7 19. Qb3 Ba5 20. Nxe4 Nc5 21. Nxc5 Rxc5 22. Rac1 Rxc1 23. Rxc1 Qf6 24. Bd3 g5 25. Bg3 h5 26. h3 h4 27. Bh2 Bd2 28. Rd1 Bxe3 29. fxe3 Rxe3 30. Bh7+ Kxh7 31. Qxe3 1-0

[Event "NED-ch U20 Girls 2019"]
[Site "Assen"]
[Date "2019.05.02"]
[Round "5.3"]
[White "Van de Poel, Wyona"]
[Black "Warnaar, Alisha"]
[Result "0-1"]
[ECO "B53"]
[WhiteElo "1584"]
[BlackElo "1910"]
[Annotator "NA"]
[PlyCount "48"]
[EventDate "2019.04.28"]
[EventType "swiss"]
[EventCountry "NED"]
[SourceTitle "playchess.com"]
[Source "ChessBase"]
[SourceQuality "1"]
[TimeControl "40/5400+30:1800+30"]

1. e4 c5 2. Nf3 d6 3. d4 cxd4 4. Qxd4 Nc6 5. Bb5 Bd7 6. Bxc6 Bxc6 7. Nc3 Nf6 8. Bg5 e6 9. O-O-O Be7 10. Rhe1 Qa5 11. Qd2 O-O 12. Kb1 Qb6 $11 13. Nd4 h6 14. Be3 Qa6 15. f3 d5 16. e5 Nd7 17. Nb3 Nxe5 18. Bxh6 Nc4 19. Qf4 Bf6 20. Qg3 Qb6 21. Bc1 a5 22. f4 a4 23. Be3 Nxe3 24. Rxe3 axb3 0-1

[Event "NED-ch U20 Girls 2019"]
[Site "Assen"]
[Date "2019.05.02"]
[Round "5.4"]
[White "Waardenburg, Marlinde"]
[Black "Koning, Femke"]
[Result "1-0"]
[ECO "B23"]
[WhiteElo "1706"]
[BlackElo "1566"]
[Annotator "NA"]
[PlyCount "105"]
[EventDate "2019.04.28"]
[EventType "swiss"]
[EventCountry "NED"]
[SourceTitle "playchess.com"]
[Source "ChessBase"]
[SourceQuality "1"]
[TimeControl "40/5400+30:1800+30"]

1. e4 c5 2. Nc3 Nc6 3. f4 g6 4. Nf3 Bg7 5. Bc4 e6 6. O-O Nge7 7. d3 O-O 8. a3 b6 9. Qe1 Bb7 10. Qh4 d5 11. Ba2 Nd4 12. Qf2 dxe4 13. dxe4 Nec6 14. Nd1 Nxf3+ 15. Qxf3 Qc7 16. c3 Rad8 17. Nf2 Rd7 18. Qh3 Ne7 19. Re1 Bc6 20. Bb3 Qb7 21. Qg3 Rfd8 22. Bc2 Nc8 23. Ng4 Nd6 24. Nf2 Ne8 25. f5 exf5 26. exf5 Nf6 27. fxg6 fxg6 28. Bg5 Nh5 29. Qh3 Rf8 30. Be4 Rdf7 31. Bxc6 Qxc6 32. Ng4 Qd7 33. Bh6 Qf5 34. Qh4 Nf6 35. Bxg7 Kxg7 36. Nh6 Qh5 37. Qxh5 Nxh5 38. Nxf7 Rxf7 39. Rf1 Rd7 40. Rad1 Re7 41. Rd6 Kh6 42. g4 Ng7 43. Rdf6 Ne8 44. Rf7 Re4 45. h3 Re3 46. Kg2 a5 47. Rb7 Re6 48. Rff7 Nf6 49. h4 g5 50. hxg5+ Kxg5 51. Rg7+ Kf4 52. Rbf7 Ke5 53. Re7 1-0

[Event "NED-ch U20 Girls 2019"]
[Site "Assen"]
[Date "2019.05.03"]
[Round "6.1"]
[White "Warnaar, Alisha"]
[Black "Duson, Robin"]
[Result "1-0"]
[ECO "C10"]
[WhiteElo "1910"]
[BlackElo "1981"]
[Annotator "NA"]
[PlyCount "51"]
[EventDate "2019.04.28"]
[EventType "swiss"]
[EventCountry "NED"]
[SourceTitle "playchess.com"]
[Source "ChessBase"]
[SourceQuality "1"]
[TimeControl "40/5400+30:1800+30"]

1. e4 e6 2. d4 d5 3. Nd2 dxe4 4. Nxe4 Nd7 5. Nf3 Ngf6 6. Nxf6+ Nxf6 7. Bd3 c5 8. O-O cxd4 9. Nxd4 Bc5 10. Nb3 Bb6 11. Bg5 O-O 12. Qf3 Qd5 13. Qf4 Bc7 14. Qh4 h6 15. Bxf6 gxf6 16. Qxh6 f5 17. Rfe1 Rd8 18. Re3 b6 19. Rh3 Be5 20. Re1 Bb7 21. Bf1 f4 22. Rh5 Bg7 23. Qh7+ Kf8 24. Rxd5 Rxd5 25. Qe4 Rad8 26. Qxf4 1-0